 Dungeon Crawl Stone Soup version 0.32-a0-485-g70f7560b1c (webtiles) character file.

Game seed: 33839068579661344

32545 lunkers the Fighter (level 13, -1/124 HPs)
             Began as a Coglin Brigand on Feb 27, 2024.
             Was an Initiate of Gozag.
             Slain by a naga
             ... wielding a +0 scimitar
              (9 damage)
             ... on level 2 of the Lair of Beasts.
             The game lasted 00:31:11 (14664 turns).

lunkers the Fighter (Coglin Brigand)               Turns: 14664, Time: 00:31:11

Health: -1/124     AC: 12    Str: 17    XL:     13   Next: 65%
Magic:  0/13       EV: 15    Int: 11    God:    Gozag
Gold:   3786       SH:  0    Dex: 15    Spells: 12/12 levels left

rFire   + . .        a - +2 dagger (heavy) {Therese}
rCold   + . .        i - +1 short sword (venom) {Wilfried}
rNeg    + . .        G - +4 Cigotuvi's embrace {Corpsefed rMiasma ^Drain rN+}
rPois   .            b - +1 hat
rElec   .            c - +0 cloak
rCorr   .            f - +2 pair of gloves
SInv    .            (no boots)
Will    .....        y - amulet of guardian spirit
Stlth   ++           (ring unavailable)
HPRegen 1.20/turn    (ring unavailable)
MPRegen 0.13/turn

%: guardian spirit
@: lethally poisoned (-1 -> -2), constricted, studying Ice Magic, revved
A: cold resistance 1, fire resistance 1, off-hand wielding, slow wielding,
warmup strikes, no rings, regeneration 1, robust 1, wild magic 1, MP-powered
wands
a: Renounce Religion, Potion Petition, Call Merchant, Bribe Branch


You were on level 2 of the Lair of Beasts.
You worshipped Gozag.
Gozag was most pleased with you.
You visited 4 branches of the dungeon, and saw 15 of its levels.
You also visited: Sewer and Ice Cave.

You collected 4547 gold pieces.
You spent 761 gold pieces at shops.

Inventory:

Hand Weapons
 a - a +2 heavy dagger (weapon) {Therese}
 i - a +1 short sword of venom (offhand) {Wilfried}
 m - a +0 short sword of draining
 p - a +4 scimitar
 u - a +0 scimitar of freezing
 F - a +0 short sword of draining
 J - a +3 sling of freezing
Missiles
 d - 22 poisoned darts
 e - 4 curare-tipped darts
 g - 3 darts of dispersal
 D - 2 throwing nets
 L - 11 atropa-tipped darts
Armour
 b - a +1 hat (worn)
 c - a +0 cloak (worn)
 f - a +2 pair of gloves (worn)
 h - a +3 leather armour of willpower
 G - the +4 Cigotuvi's embrace (worn) {Corpsefed rMiasma ^Drain rN+}
   (You bought it in a shop on level 2 of the Orcish Mines)

   Corpsefed: It gathers nearby corpses to temporarily increase the armour it
   provides.
   rMiasma:   It protects you from foul pestilence.
   rN+:       It protects you from negative energy.
   ^Drain:    It drains your maximum health when unequipped.
Jewellery
 y - an amulet of guardian spirit (around neck)
Wands
 C - a wand of charming (1)
 I - a wand of mindburst (2)
 K - a wand of digging (8)
Scrolls
 n - a scroll of vulnerability
 q - a scroll of enchant armour
 s - 2 scrolls of fear
 A - 3 scrolls of revelation
 H - a scroll of immolation
 M - a scroll of fog
 N - a scroll of identify
Potions
 j - 2 potions of cancellation
 k - 5 potions of mutation
 l - a potion of haste {unknown}
 o - a potion of heal wounds
 r - 2 potions of magic
 t - 3 potions of resistance
 v - 2 potions of brilliance {unknown}
 w - 5 potions of curing
 x - 2 potions of enlightenment {unknown}
 z - 2 potions of attraction {unknown}
 B - 2 potions of invisibility {unknown}
 E - a potion of lignification {unknown}


   Skills:
 + Level 14.1 Fighting
 - Level 8.0 Short Blades
 - Level 1.7 Throwing
 + Level 2.9 Armour
 + Level 12.9 Dodging
 - Level 3.2 Stealth
 - Level 10.0 Evocations


You had 12 spell levels left.
You didn't know any spells.
Your spell library contained the following spells:

 Spells                   Type           Power      Damage    Failure   Level
 Apportation              Tloc           0%         N/A       47%         1
 Necrotise                Necr           0%         1d4       47%         1
 Slow                     Hex            0%         N/A       47%         1
 Sting                    Conj/Alch      0%         1d3       47%         1
 Summon Small Mammal      Summ           0%         N/A       47%         1
 Ensorcelled Hibernation  Hex/Ice        0%         N/A       63%         2
 Mercury Vapours          Alch/Air       0%         N/A       63%         2
 Confusing Touch          Hex            0%         N/A       83%         3
 Passwall                 Erth           0%         N/A       83%         3
 Sigil of Binding         Hex            0%         N/A       83%         3
 Swiftness                Air            0%         N/A       83%         3
 Vampiric Draining        Necr           0%         2d6       83%         3
 Olgreb's Toxic Radiance  Alch           0%         N/A       99%         4
 Passage of Golubria      Tloc           0%         N/A       99%         4
 Vhi's Electric Charge    Tloc/Air       0%         N/A       99%         4
 Arcjolt                  Conj/Air       0%         1d10      100%        5
 Silence                  Hex/Air        0%         N/A       100%        5
 Plasma Beam              Fire/Air       0%         2x1d10    100%        6
 Haunt                    Necr/Summ      0%         N/A       100%        7
 Infestation              Necr           0%         N/A       100%        8
 Lehudib's Crystal Spear  Conj/Erth      0%         10d2      100%        8
 Animate Dead             Necr           Unusable   N/A       N/A         4

Dungeon Overview and Level Annotations

Branches:
Dungeon (10/15)            Temple (1/1) D:7            Lair (2/5) D:8
 Shoals (0/4) Lair:2        Snake (0/4) Lair:2          Orc (2/2) D:10
    Elf (0/3) Orc:2         Sewer (visited)           IceCv (visited)

Altars:
Ashenzari
Cheibriados
Dithmenos
Elyvilon
Fedhas
Gozag
Hepliaklqana
Kikubaaqudgha
Makhleb
Nemelex Xobeh
Okawaru
Qazlal
Ru
Sif Muna
Trog
Uskayaw
Vehumet
Wu Jian
Xom
Yredelemnul
Zin
The Shining One
Beogh

Shops:
Orc:2 =[(:


Innate Abilities, Weirdness & Mutations

Your flesh is cold resistant. (rC+)
Your flesh is heat resistant. (rF+)
You can wield a second weapon in your off-hand.
It takes a long time for you to wield or remove held weapons.
Your first few attacks do less damage.
Your grasper-arms cannot wear rings.
Your natural rate of healing is unusually fast.
You are robust. (+10% HP)
Your spells are a little harder to cast, but a little more powerful.
You expend magic power (3 MP) to strengthen your wands.


Message History

You hit the naga but do no damage.
You feel sick. The naga misses you. The naga constricts you.
* * * LOW MAGIC WARNING * * *
* * * LOW HITPOINT WARNING * * *
Unknown command.
You feel much better.
You feel sick. The naga completely misses you. The naga constricts you.
* * * LOW HITPOINT WARNING * * *
You hit the naga but do no damage.
The naga is heavily wounded.
You hit the naga with your +2 heavy dagger.
You feel sick. The naga hits you with a +0 scimitar.
* * * LOW HITPOINT WARNING * * *
The naga constricts you.
* * * LOW HITPOINT WARNING * * *
You closely miss the naga with your +2 heavy dagger.
The naga is heavily wounded.
You hit the naga but do no damage.
You feel sick. The naga spits poison at you. The splash of poison hits you!
You are more poisoned.
* * * LOW HITPOINT WARNING * * *
The naga constricts you.
You barely miss the naga with your +1 short sword of venom.
The naga is heavily wounded.
You puncture the naga with your +2 heavy dagger!
You feel sick. The naga misses you. The naga constricts you.
* * * LOW HITPOINT WARNING * * *
You hit the naga with your +2 heavy dagger.
The naga is almost dead.
You barely miss the naga with your +1 short sword of venom.
You feel sick.
Unknown command.
You closely miss the naga with your +1 short sword of venom.
The naga is almost dead.
You hit the naga but do no damage.
You feel sick. The naga hits you with a +0 scimitar!
* * * LOW MAGIC WARNING * * *
You die...
Your body crumbles into a pile of gold.

P##...#'$##
#####.## ##...#
#...## ##..## ##
#.$####
##.###'.##.##
#...N.......#
##.##@##.....+ ##
..#ß.ß#.....#....
#............#
###ß.ß#.P.#.##
##..#..####
#..(...#
####.P.##
###...###
#.....#..#


You could see a naga (very poisoned, catching breath).

Vanquished Creatures
  A frost giant (IceCv)
  An orc warlord (Orc:2)
  Erolcha (Orc:2)
  A two-headed ogre (D:10)
  3 death yaks (IceCv)
  Pikel (D:8)
  3 orc knights
  An orc sorcerer (Orc:2)
  A cyclops (D:9)
  4 elephants
  6 kobold blastminers
  A black mamba (Lair:1)
  Joseph (D:9)
  5 cane toads
  A rime drake (D:8)
  2 komodo dragons
  An unseen horror (D:10)
  Jeremiah (D:9)
  2 ice devils (Orc:2)
  3 trolls (Orc:2)
  10 polar bears
  4 blink frogs (Lair:1)
  Sigmund (D:3)
  2 wyverns
  22 yaks
  Eustachio (D:5)
  A basilisk (Lair:2)
  Grum (D:9)
  An acid dragon (D:8)
  A naga (Lair:2)
  5 water moccasins
  32 orc warriors
  6 ice beasts
  A sky beast (D:8)
  5 ogres
  21 wolves
  7 centaurs
  2 lemures (D:8)
  2 kobold brigands
  A weeping skull (D:9)
  6 bullfrogs
  3 scorpions
  8 wights
  A killer bee (D:9)
  6 howler monkeys
  19 orc priests
  2 bombardier beetles
  6 jellies
  2 hounds (D:5)
  15 orc wizards
  3 iguanas
  4 gnolls (D:5)
  6 adders
  3 river rats (Sewer)
  A white imp (D:6)
  5 ribbon worms
  78 orcs
  19 endoplasms
  5 giant cockroaches
  6 hobgoblins
  3 jackals (D:3)
  5 quokkas
  13 ball pythons
  4 bats
  11 frilled lizards
  10 goblins
  20 kobolds
  10 rats
  A spectral orc (D:9)
441 creatures vanquished.

Vanquished Creatures (collateral kills)
  A rime drake (IceCv)
  A polar bear (IceCv)
  2 yaks (IceCv)
  A wolf (IceCv)
  An orc wizard (Orc:2)
6 creatures vanquished.

Vanquished Creatures (others)
  A black mamba (Lair:1)
  2 polar bears (IceCv)
  A yak (IceCv)
  An orc warrior (Orc:2)
  A human (D:8)
  An orc wizard (Orc:1)
7 creatures vanquished.

Grand Total: 454 creatures vanquished

Notes
Turn   | Place    | Note
-------+----------+-------------------------------------------
     0 | D:1      | lunkers the Coglin Brigand began the quest for the Orb.
     0 | D:1      | Reached XP level 1. HP: 16/16 MP: 1/1
    99 | D:1      | Reached XP level 2. HP: 22/22 MP: 2/2
   513 | D:1      | Reached XP level 3. HP: 27/27 MP: 3/3
  1024 | D:2      | Found a faded altar of an unknown god.
  1033 | D:2      | Prayed at the altar of an unknown god.
  1033 | D:2      | Became a worshipper of Gozag Ym Sagoz the Greedy
  1514 | D:3      | Found a glowing drain.
  1519 | D:3      | Reached XP level 4. HP: 30/33 MP: 4/4
  1540 | D:3      | HP: 1/33 [something (2)]
  1541 | D:3      | Gained mutation: Your natural rate of healing is unusually
                  | fast. [potion of mutation]
  1541 | D:3      | Gained mutation: You expend magic power (3 MP) to
                  | strengthen your wands. [potion of mutation]
  1541 | D:3      | Gained mutation: You are robust. (+10% HP) [potion of
                  | mutation]
  1602 | Sewer    | Entered a sewer
  1674 | Sewer    | Reached XP level 5. HP: 38/41 MP: 5/5
  1735 | Sewer    | Reached skill level 5 in Short Blades
  1840 | Sewer    | Reached XP level 6. HP: 23/48 MP: 6/6
  1925 | Sewer    | Found a viscous altar of Jiyva.
  2321 | D:3      | Noticed Sigmund
  2323 | D:3      | Killed Sigmund
  2324 | D:3      | Reached XP level 7. HP: 55/55 MP: 7/7
  2354 | D:3      | Found a burning altar of Makhleb.
  2850 | D:4      | Reached skill level 1 in Dodging
  2856 | D:4      | Found a sacrificial altar of Ru.
  2970 | D:4      | Reached skill level 1 in Evocations
  3876 | D:5      | Entered Level 5 of the Dungeon
  4028 | D:5      | Reached skill level 3 in Fighting
  4028 | D:5      | Reached XP level 8. HP: 48/63 MP: 4/8
  4070 | D:5      | Found a hide-covered altar of Uskayaw.
  4836 | D:6      | Noticed Eustachio
  4847 | D:5      | Killed Eustachio
  4848 | D:5      | Reached skill level 4 in Fighting
  4903 | D:5      | Reached skill level 5 in Evocations
  4910 | D:5      | Reached XP level 9. HP: 66/72 MP: 5/9
  5510 | D:7      | Reached skill level 5 in Fighting
  5709 | D:7      | Found a snail-covered altar of Cheibriados.
  5778 | D:7      | Found a staircase to the Ecumenical Temple.
  5794 | Temple   | Entered the Ecumenical Temple
  5971 | D:8      | Noticed a rime drake
  5987 | D:8      | Noticed a polar bear
  5993 | D:8      | Killed a rime drake
  5994 | D:8      | Reached skill level 6 in Fighting
  5994 | D:8      | Reached skill level 5 in Dodging
  6005 | D:8      | Killed a polar bear
  6138 | D:8      | Found a staircase to the Lair.
  6222 | D:8      | Reached skill level 7 in Fighting
  6388 | D:8      | Noticed Pikel
  6412 | D:8      | Killed Pikel
  6413 | D:8      | Reached XP level 10. HP: 71/86 MP: 8/10
  6503 | D:8      | Found an iron altar of Okawaru.
  6696 | D:8      | Found an ancient bone altar of Kikubaaqudgha.
  6754 | D:8      | HP: 3/88 [acid dragon (2)]
  6872 | D:8      | Reached skill level 8 in Fighting
  6934 | D:8      | Found a blossoming altar of Fedhas.
  7131 | D:9      | Noticed a cyclops
  7145 | D:9      | Killed a cyclops
  7176 | D:9      | Found an ornate altar of the Wu Jian Council.
  7204 | D:9      | Noticed Jeremiah
  7208 | D:10     | Entered Level 10 of the Dungeon
  7318 | D:9      | Killed Jeremiah
  7319 | D:9      | Reached skill level 9 in Fighting
  7464 | D:9      | Noticed Joseph
  7477 | D:9      | Killed Joseph
  7621 | D:9      | Noticed Grum
  7674 | D:9      | Reached XP level 11. HP: 35/97 MP: 4/11
  7681 | D:9      | Killed Grum
  8234 | D:9      | Found a basalt altar of Yredelemnul.
  8434 | D:10     | Noticed a two-headed ogre
  8445 | D:10     | Killed a two-headed ogre
  8446 | D:10     | Reached skill level 10 in Fighting
  8479 | D:10     | Found a shadowy altar of Dithmenos.
  8525 | D:10     | Found a staircase to the Orcish Mines.
  8619 | D:10     | Noticed a lindwurm
  8975 | D:10     | Noticed a lindwurm
  9101 | Lair:1   | Entered Level 1 of the Lair of Beasts
  9399 | Orc:1    | Entered Level 1 of the Orcish Mines
  9589 | Orc:2    | Entered Level 2 of the Orcish Mines
  9738 | Orc:2    | Found a frozen archway.
  9768 | Orc:2    | Noticed Erolcha
  9781 | Orc:2    | Killed Erolcha
  9782 | Orc:2    | Reached skill level 11 in Fighting
  9782 | Orc:2    | Reached skill level 10 in Dodging
  9782 | Orc:2    | Reached XP level 12. HP: 67/110 MP: 0/12
  9820 | IceCv    | Entered an ice cave
  9994 | IceCv    | Noticed a death yak
  9995 | IceCv    | Noticed a death yak
 10005 | IceCv    | Killed a death yak
 10006 | IceCv    | Reached skill level 10 in Evocations
 10010 | IceCv    | Killed a death yak
 10445 | IceCv    | Noticed a death yak
 10462 | IceCv    | Killed a death yak
 10463 | IceCv    | Reached skill level 12 in Fighting
 10677 | IceCv    | Noticed a frost giant
 10699 | IceCv    | HP: 2/113 [frost giant/+0 battleaxe of freezing (9)]
 10703 | IceCv    | Killed a frost giant
 10818 | IceCv    | Identified the +4 hand axe of Theory {drain, ^Contam rElec
                  | rCorr Stlth+}
 10890 | Orc:2    | Found a roughly hewn altar of Beogh.
 10901 | Orc:2    | Found a staircase to the Elven Halls.
 10923 | Orc:2    | Found a roughly hewn altar of Beogh.
 10951 | Orc:2    | Found Fatat's Jewellery Shoppe.
 11027 | Orc:2    | Found a roughly hewn altar of Beogh.
 11200 | Orc:2    | Noticed an orc warlord
 11206 | Orc:2    | Killed an orc warlord
 11207 | Orc:2    | Reached skill level 13 in Fighting
 11207 | Orc:2    | Gained mutation: Your flesh is cold resistant. (rC+)
                  | [Coglin growth]
 11207 | Orc:2    | Gained mutation: Your flesh is heat resistant. (rF+)
                  | [Coglin growth]
 11207 | Orc:2    | Reached XP level 13. HP: 87/122 MP: 0/13
 11761 | Orc:2    | Found a roughly hewn altar of Beogh.
 11761 | Orc:2    | Found Dyazoas Siax's Antique Armour Boutique.
 11770 | Orc:2    | Found Ywoerob's Antique Weapon Shop.
 12301 | Orc:2    | Found a roughly hewn altar of Beogh.
 12301 | Orc:2    | Found Ucvon Tye's Book Emporium.
 12816 | Orc:1    | Gained mutation: Your spells are a little harder to cast,
                  | but a little more powerful. [a neqoxec]
 13052 | Orc:2    | Bought a runed hat for 154 gold pieces
 13052 | Orc:2    | Bought the +4 Cigotuvi's embrace {Corpsefed rMiasma ^Drain
                  | rN+} for 607 gold pieces
 13052 | Orc:2    | Found the +4 Cigotuvi's embrace {Corpsefed rMiasma ^Drain
                  | rN+}
 13499 | Lair:1   | Reached skill level 1 in Armour
 14274 | Lair:2   | Reached skill level 14 in Fighting
 14279 | Lair:2   | Found a staircase to the Shoals.
 14594 | Lair:2   | Found a staircase to the Snake Pit.
 14658 | Lair:2   | HP: 6/124 [constriction (3)]
 14664 | Lair:2   | Slain by a naga

Illustrated notes

Levels and vault maps discovered:
D:1:      lightli_molten_gateway, layout_basic, minmay_misc_feat_cross,
          chequers_serial_rivers_micro_a
D:2:      layout_loops_ring, dreamdust_ecumenical_altar_statues, minivault_24,
          kennysheep_nondescript, serial_park_tiny_pond
D:3:      layout_loops_cross, bloody_makhleb, cheibrodos_sewer_entry_sluice,
          uniq_sigmund
D:4:      layout_layer_cave, nicolae_ru_sacrificial_ziggurat, corner_web_ring
D:5:      layout_basic, nicolae_uskayaw_dance_hall
D:6:      layout_cave_pools, minmay_lizard_king, uniq_eustachio
D:7:      layout_rooms, cheibrodos_worm_habitat, minmay_temple_entry_offerings
D:8:      layout_loops_cross, fedhas_bush_and_centaur_altar, tgw_kikubaaqudgha,
          lemuel_tele_altar, hellmonk_lair_entry_icy, uniq_pikel
D:9:      layout_irregular_city, nicolae_wu_jian_immortal_techniques,
          yredelemnul_forgotten_temple_becter, minmay_between, uniq_grum,
          uniq_jeremiah, uniq_joseph
D:10:     layout_roguey, grunt_dithmenos_smoke, orc_0_dummy, enter_bailey_5,
          minmay_lindwurm_lava
Temple:   nicolae_temple_x_marks_the_god
Lair:1:   layout_misc_corridors, beast_lair_carwin_3
Lair:2:   layout_roguey, minmay_shoals_entry_lonely_mermaid,
          guppyfry_snake_entry_island, serial_rivers,
          chequers_serial_rivers_large_b, chequers_serial_rivers_small_3,
          chequers_serial_rivers_micro_a, chequers_serial_rivers_micro_e,
          chequers_serial_rivers_small_b, chequers_serial_rivers_room_b,
          small_statue_intersection
Orc:1:    layout_caves
Orc:2:    grunt_orc_community_town_hall, layout_caves,
          grunt_orc_community_big_house_1, grunt_orc_community_big_house_2,
          grunt_orc_community_house_3, grunt_orc_community_house_3,
          grunt_orc_community_house_3, grunt_orc_community_house_2,
          grunt_orc_community_house_2, portal_ice_cave_demonic_guard,
          basic_altar, uniq_erolcha

Skill      XL: |  1  2  3  4  5  6  7  8  9 10 11 12 13 |
---------------+----------------------------------------+-----
Short Blades   | 2 3 4 5 6 7 8 |  8.0
Dodging        | 2 3 6 8 10 12 | 12.9
Evocations     | 2 5 6 9 10 | 10.0
Fighting       | 3 4 7 9 11 13 14 | 14.1
Armour         | 2 |  2.9
Throwing       | |  1.7
Stealth        | |  3.2

Action                     |  1- 3 |  4- 6 |  7- 9 | 10-12 | 13-15 || total
---------------------------+-------+-------+-------+-------+-------++-------
  Melee: Dagger            |    63 |   100 |   363 |   828 |   531 ||  1885
         Short sword       |    44 |   100 |   353 |   808 |   513 ||  1818
  Evoke: Wand              |       |     8 |    11 |    27 |     4 ||    50
    Use: Potion            |       |     1 |     3 |     4 |     2 ||    10
         Scroll            |       |       |    12 |     5 |       ||    17
   Stab: Sleeping          |    13 |     2 |     2 |     2 |     1 ||    20
         Distracted        |     1 |       |       |     3 |     4 ||     8
 Armour: Robe              |    12 |       |       |       |       ||    12
         Ring mail         |    17 |    64 |   143 |       |       ||   224
         Leather armour    |       |       |   107 |   561 |   321 ||   989
  Dodge: Dodged            |    28 |    45 |   213 |   696 |   431 ||  1413

Table legend: (Time is in decaauts)
 A = Elapsed time spent in this place.
 B = Non-inter-level travel time spent in this place.
 C = Inter-level travel time spent in this place.
 D = Time resting spent in this place.
 E = Time spent auto-exploring this place.
 F = Levels seen in this place.
 G = Mean time per level.
                   A        B        C        D        E       F      G
               +--------+--------+--------+--------+--------+-----+--------+
         Total |  14241 |  13685 |    556 |    248 |   9866 |  17 |  837.7 |
       Dungeon |   8645 |   8316 |    329 |     54 |   6661 |  10 |  864.5 |
        Temple |      1 |      1 |      0 |      0 |      0 |   1 |    1.0 |
          Lair |   1308 |   1276 |     32 |      0 |    916 |   2 |  654.0 |
  Orcish Mines |   2827 |   2633 |    194 |    189 |   1396 |   2 | 1413.5 |
         Sewer |    446 |    446 |      0 |      0 |    282 |   1 |  446.0 |
      Ice Cave |   1010 |   1010 |      0 |      5 |    610 |   1 | 1010.0 |
               +--------+--------+--------+--------+--------+-----+--------+

Top non-repeatable levels by time:
   Orc:2: 2086 daAuts
     D:4: 1268 daAuts
     D:9: 1208 daAuts
     D:8: 1185 daAuts
     D:5: 1014 daAuts
   IceCv: 1010 daAuts
  Lair:1: 888 daAuts
     D:1: 832 daAuts
    D:10: 832 daAuts
   Orc:1: 740 daAuts
     D:3: 721 daAuts
     D:2: 605 daAuts
     D:6: 504 daAuts
     D:7: 473 daAuts
   Sewer: 446 daAuts
